 Dungeon Crawl Stone Soup version 0.31-a0-968-g24f9ace8b5 (webtiles) character file.

Game seed: 16646250841223946509

55 jestert79 the Changeling (level 3, 15/15 HPs)
             Began as a Felid Shapeshifter on Oct 27, 2023.
             Quit the game on level 2 of the Dungeon.
             The game lasted 00:02:31 (1052 turns).

jestert79 the Changeling (Felid Shapeshifter)       Turns: 1052, Time: 00:02:32

Health: 15/15      AC:  1    Str: 12    XL:     3   Next: 67%
Magic:  4/4        EV: 17    Int: 11    God:
Gold:   69         SH:  0    Dex: 15    Spells: 2/2 levels left
                                        Lives:  0   Deaths: 1

rFire   . .          .
                       - Unarmed
rCold   . . .        (shield unavailable)
rNeg    . . .        (body armour unavailable)
rPois   .            (helmet unavailable)
rElec   .            (cloak unavailable)
rCorr   .            (gloves unavailable)
SInv    +            (boots unavailable)
Will    .....        (no amulet)
Stlth   ++           (no ring)
HPRegen 0.22/turn    (no ring)
MPRegen 0.09/turn

%: no passive effects
@: beast-form, quick
A: beast (slay +2), very small, claws 1, fangs 3, see invisible, speed 1, shaggy
fur 1, stealthy paws, no weapons or thrown items, no armour, multi-lived
a: Begin Untransformation


You were on level 2 of the Dungeon.
You were a hulking beast.
You visited 1 branch of the dungeon, and saw 2 of its levels.

You collected 69 gold pieces.

Inventory:

Talismans
 b - a beast talisman (active)
 c - a flux talisman
Scrolls
 e - 2 scrolls of identify {unknown}
 g - a scroll of teleportation {unknown}
 i - a scroll of vulnerability {unknown}
Potions
 a - a potion of lignification
 d - a potion of heal wounds {unknown}
 f - a potion of degeneration {unknown}
 h - a potion of enlightenment {unknown}


   Skills:
 - Level 1.0 Fighting
 - Level 2.6 Dodging
 + Level 2.6 Stealth
 + Level 3.6 Unarmed Combat
 + Level 3.9 Shapeshifting


You had 2 spell levels left.
You didn't know any spells.
Your spell library was empty.

Dungeon Overview and Level Annotations

Branches:
Dungeon (2/15)

Altars:


Innate Abilities, Weirdness & Mutations

You are a hulking beast.
Your limbs bulge with bestial killing power. (Slay +2)
You have sharp claws.
You have razor-sharp teeth.
You have supernaturally acute eyesight. (SInv)
You cover ground quickly. (Speed+)
You are covered in fur. (AC +1)
Your paws help you pounce on unaware monsters.
You are incapable of wielding weapons or throwing items.
You cannot wear armour.
You gain extra lives every three experience levels.


Message History

The adder closely misses you. The adder misses you.
You miss the adder. You bite the adder.
You kill the adder!
The adder closely misses you.
You miss the adder. Your bite misses the adder. The adder barely misses you.
You scratch the adder.
The adder is moderately wounded.
The adder bites you.
You are poisoned.
The adder poisons you!
You scratch the adder.
The adder is almost dead.
You feel sick. The adder barely misses you.
You closely miss the adder.
The adder is almost dead.
You feel sick. The adder bites you.
You are lethally poisoned!
The adder poisons you! The adder bites you.
You are too injured to fight recklessly!
You are too injured to fight recklessly!
You are too injured to fight recklessly!
You are too injured to fight recklessly!
You barely miss the adder.
The adder is almost dead.
* * * LOW HITPOINT WARNING * * *
You feel sick. The adder misses you.
You scratch the adder.
You kill the adder!
* * * LOW HITPOINT WARNING * * *
You feel sick. The adder completely misses you.
You closely miss the adder.
* * * LOW HITPOINT WARNING * * *
You feel sick. The adder completely misses you.
You claw the adder!
The adder is severely wounded.
You die...
Your shape twists and changes as you die.
You feel sick. The adder bites you.
You rejoin the land of the living...
Are you sure you want to abandon this character and quit the game? (Confirm with "yes".)

########.########
##................ .. #
# ##.....###.########
..##.#. ##..........#
##.
#......##.........#.#
#.#
....................#
#.#
.##..#...#..........#.#
#.#
#...<...###>.......##.#
#..
#........#..#h....###.#
#.#
.#..........###...##
#.# ...........##
####.... ..#
#.......#.## .##. ####
#..........# .# #
#.....<.#..# #
....#.#.##..# ## .#
#..#.##..# ######. ...
#.##..# #......


There were no monsters in sight!

Vanquished Creatures
  3 adders (D:2)
  3 bats (D:1)
  2 endoplasms (D:1)
  3 giant cockroaches (D:1)
  3 goblins (D:1)
  2 hobgoblins (D:1)
  A quokka (D:1)
  A ball python (D:1)
  2 frilled lizards
  5 kobolds (D:1)
  4 rats (D:1)
29 creatures vanquished.

Notes
Turn   | Place    | Note
-------+----------+-------------------------------------------
     0 | D:1      | jestert79 the Felid Shapeshifter began the quest for the
                  | Orb.
     0 | D:1      | Reached XP level 1. HP: 9/9 MP: 2/2
   146 | D:1      | Reached skill level 1 in Stealth
   146 | D:1      | Reached XP level 2. HP: 11/12 MP: 3/3
   823 | D:2      | Reached XP level 3. HP: 11/15 MP: 4/4
   958 | D:2      | Identified the +1 leather armour "Sekhlela" {rElec Dex+6
                  | Stlth-}
  1051 | D:2      | Succumbed to an adder's poison
  1052 | D:2      | Quit the game

Illustrated notes

Levels and vault maps discovered:
D:1:      erik_arrival_blinker_ship, layout_basic
D:2:      layout_loops_ring, nicolae_ecumenical_snake_handling

Skill      XL: |  1  2 |
---------------+-------+-----
Stealth        | 1 2 |  2.6
Fighting       | |  1.0
Dodging        | |  2.6
Unarmed Combat | |  3.6
Shapeshifting  | |  3.9

Action                     || total
---------------------------++-------
  Melee: Unarmed           ||    84
         Bite              ||     7
         Punch             ||     1
   Stab: Sleeping          ||     2
 Armour: Skin              ||    22
  Dodge: Dodged            ||    53
   Form: Beast             ||     1

Table legend: (Time is in decaauts)
 A = Elapsed time spent in this place.
 B = Non-inter-level travel time spent in this place.
 C = Inter-level travel time spent in this place.
 D = Time resting spent in this place.
 E = Time spent auto-exploring this place.
 F = Levels seen in this place.
 G = Mean time per level.
                   A        B        C        D        E       F      G
               +--------+--------+--------+--------+--------+-----+--------+
         Total |    875 |    855 |     20 |     33 |    639 |   2 |  437.5 |
       Dungeon |    875 |    855 |     20 |     33 |    639 |   2 |  437.5 |
               +--------+--------+--------+--------+--------+-----+--------+

Top non-repeatable levels by time:
     D:1: 606 daAuts
     D:2: 268 daAuts
